AoeStats
← Steffels

Arabia

510085730Analyzed
1v1 RM · 2d ago on Sep 29, 2026· 23m 52s· 2 players
Game mode
Random Map
Map size
Tiny (2 player)
Population
200
Speed
Normal
Resources
Standard
Victory
Conquest
Starting age
Dark Age
Ending age
Imperial Age
RankedLock teamsTeams togetherTeam positionsShared explorationLock speedFull tech treeHidden civsTurbo modeCheats
Victory
Defeat
🇧🇪 Varangians · Belgium
1048
+17
🇨🇳 Italians · China
1066
-17
Steffels
5:42 Loom
9:35 Feudal Age
10:05 Horse Collar
10:14 Double-Bit Axe
13:49 Bloodlines
21:24 Castle Age
20:38 Gold Mining
21:26 Wheelbarrow
22:14 Scale Barding Armor
22:21 Forging
23:18 Bow Saw
23:30 Husbandry
24:29 Chain Barding Armor
少林寺
6:32 Loom
9:39 Feudal Age
10:13 Double-Bit Axe
14:14 Wheelbarrow
16:11 Castle Age
16:22 Double-Bit Axe
18:21 Gold Mining
18:42 Horse Collar
19:55 Crossbowman
23:16 Stone Mining
Connection lost

Rejoining the realm…

Still unreachable

The connection could not be restored.

Session expired

The server has moved on; the page needs a fresh start.